 Dungeon Crawl Stone Soup version 0.25.1-2-g60ff931df9 (webtiles) character file.

Game seed: 7700200137713703719

119 DerDa the Digger (level 5, -1/28 HPs)
             Began as a Gargoyle Earth Elementalist on Sept 21, 2020.
             Slain by a worker ant (3 damage)
             ... on level 4 of the Dungeon.
             The game lasted 00:03:20 (1141 turns).

DerDa the Digger (Gargoyle Earth Elementalist)      Turns: 1141, Time: 00:03:20

Health: -1/28      AC:  6    Str: 11    XL:     5   Next: 3%
Magic:  6/10       EV: 12    Int: 17    God:
Gold:   33         SH:  0    Dex: 10    Spells: 10/11 levels left

rFire    . . .     SeeInvis .   j - +0 whip
rCold    . . .     Gourm    .   (no shield)
rNeg     + . .     Faith    .   c - +0 robe
rPois    ∞         Spirit   .   (no helmet)
rElec    +         Reflect  .   (no cloak)
rCorr    .         Harm     .   (no gloves)
MR       .....                  (no boots)
Stlth    ++........             (no amulet)
HPRegen  0.09/turn              (no ring)
MPRegen  0.12/turn              (no ring)

@: no status effects
A: negative energy resistance 1, electricity resistance, unbreathing,
petrification resistance, rot immunity, AC +4
a: no special abilities


You were on level 4 of the Dungeon.
You were not hungry.

You visited 1 branch of the dungeon, and saw 3 of its levels.

You collected 33 gold pieces.

Inventory:

Hand Weapons
 e - a +0 dagger
 j - a +0 whip (weapon)
Missiles
 b - 13 stones (quivered)
 g - 17 sling bullets
Armour
 c - a +0 robe (worn)
 i - a +0 buckler
Scrolls
 a - 2 scrolls of teleportation {unknown}
Comestibles
 d - 2 rations


   Skills:
 - Level 1.5 Dodging
 - Level 2.1 Stealth
 * Level 3.5 Spellcasting
   Level 0.7 Transmutations
 * Level 5.3 Earth Magic


You had 10 spell levels left.
You knew the following spells:

 Your Spells              Type           Power        Failure   Level  Hunger
a - Sandblast             Erth           ###...       1%          1    None

Your spell library contained the following spells:

 Spells                   Type           Power        Failure   Level  Hunger
 Passwall                 Tmut/Erth      ##......     7%          2    ##.....
 Stone Arrow              Conj/Erth      ##....       17%         3    ###....
 Petrify                  Tmut/Erth      ##......     43%         4    ####...
 Lee's Rapid Deconstruct  Erth           ###.......   45%         5    ######.


Dungeon Overview and Level Annotations

Branches:
Dungeon (2/15)

Altars:

Annotations:
D:4 Ijyb


Innate Abilities, Weirdness & Mutations

You are resistant to torment.
Your stone body is resilient. (AC +4)
You are immune to poison.
You resist negative energy. (rN+)
You are resistant to electric shocks. (rElec)
You can survive without breathing.
You are immune to petrification.
You are immune to rotting.


Message History

The worker ant misses you. x2
Casting: Sandblast (safe; 1% risk of failure)
Confirm with . or Enter, or press ? or * to list all spells.
Aiming: Sandblast (safe; 1% risk of failure)
Press: ? - help, Shift-Dir - straight line, f/p - worker ant
Aim: a worker ant (moderately wounded)
The blast of sand hits the worker ant but does no damage.
The worker ant is moderately wounded.
b - 14 stones The worker ant completely misses you.
Casting: Sandblast (safe; 1% risk of failure)
Confirm with . or Enter, or press ? or * to list all spells.
Aiming: Sandblast (safe; 1% risk of failure)
Press: ? - help, Shift-Dir - straight line, f/p - worker ant
Aim: a worker ant (moderately wounded)
The blast of sand hits the worker ant.
The worker ant is severely wounded.
b - 13 stones The worker ant bites you.
You die...

>........##
##########
s.Z.# ###.#
#.####### ##
#..sZ...# ..
#######.#
.#### #.#
######......
#.# #Zsa@...#
#.# #{####.##
#.# #.# # #s#
#Z# #.# #s#
######.###.#
............#
#######.#####
#.#


You could see a worker ant, a giant cockroach and a jackal skeleton.

Vanquished Creatures
  An ogre (D:4)
  An adder (D:2)
  3 dart slugs
  A leopard gecko (D:1)
  A ball python (D:1)
  3 bats (D:1)
  2 giant cockroaches (D:1)
  A goblin (D:1)
  2 hobgoblins (D:1)
  5 kobolds
  2 frilled lizards (D:1)
  4 rats (D:1)
26 creatures vanquished.

Notes
Turn   | Place    | Note
-------+----------+-------------------------------------------
     0 | D:1      | DerDa the Gargoyle Earth Elementalist began the quest for
                  | the Orb.
     0 | D:1      | Reached XP level 1. HP: 10/10 MP: 3/3
   212 | D:1      | Reached XP level 2. HP: 15/15 MP: 1/5
   259 | D:1      | Reached skill level 4 in Earth Magic
   645 | D:1      | Reached XP level 3. HP: 19/19 MP: 4/6
  1004 | D:2      | You fall into a shaft and drop 2 floors!
  1039 | D:4      | Noticed an ogre
  1045 | D:4      | Killed an ogre
  1045 | D:4      | Reached skill level 5 in Earth Magic
  1045 | D:4      | Reached XP level 4. HP: 24/24 MP: 4/9
  1045 | D:4      | Reached XP level 5. HP: 28/28 MP: 4/10
  1094 | D:4      | Noticed Ijyb
  1141 | D:4      | Slain by a worker ant

Illustrated notes

Levels and vault maps discovered:
D:1:      matt_arrival_spirals, layout_loops_cross,
          hangedman_abyss_or_decor_lesser_grid
D:2:      layout_basic
D:4:      layout_loops_ring, overflow_temple_1_default, first_ration,
          minmay_pentomino_pile, uniq_ijyb

Skill      XL: |  1  2  3 |
---------------+----------+-----
Earth Magic    | 4 5 |  5.3
Spellcasting   | 3 |  3.5
Dodging        | |  1.5
Stealth        | |  2.1
Transmutations | |  0.7

Action                   |  1- 3 |  4- 6 || total
-------------------------+-------+-------++-------
Melee: Unarmed           |     4 |       ||     4
       Dagger            |     3 |       ||     3
       Whip              |       |     6 ||     6
 Cast: Sandblast         |    35 |    10 ||    45
  Use: Potion            |       |     1 ||     1
  Eat: Chunk             |     1 |       ||     1
Armor: Robe              |     5 |    18 ||    23
Dodge: Dodged            |    12 |    17 ||    29
